 Dungeon Crawl Stone Soup version 0.27.1 (webtiles) character file.

Game seed: 13431696705912911427

37 nxtlvl the Cutter (level 3, -4/22 HPs)
             Began as a Deep Elf Monk on Sept 3, 2021.
             Slain by a gnoll (5 damage)
             ... on level 2 of the Dungeon.
             The game lasted 00:03:41 (529 turns).

nxtlvl the Cutter (Deep Elf Monk)                    Turns: 529, Time: 00:03:42

Health: -4/22      AC:  4    Str:  8    XL:     3   Next: 23%
Magic:  5/5        EV: 13    Int: 15    God:
Gold:   33         SH:  0    Dex: 17    Spells: 2/2 levels left

rFire    . . .     SeeInvis .   a - +0 short sword
rCold    . . .     Faith    .   (no shield)
rNeg     . . .     Spirit   .   c - +0 leather armour
rPois    .         Reflect  .   d - +1 hat
rElec    .         Harm     .   (no cloak)
rCorr    .         Rampage  .   (no gloves)
Will     .....                  (no boots)
Stlth    ++........             (no amulet)
HPRegen  0.07/turn              (no ring)
MPRegen  0.09/turn              (no ring)

@: mighty, attractive
A: no striking features
a: no special abilities


You were on level 2 of the Dungeon.
You visited 1 branch of the dungeon, and saw 3 of its levels.

You collected 33 gold pieces.

Inventory:

Hand Weapons
 a - a +0 short sword (weapon)
Missiles
 h - 9 arrows
Armour
 c - a +0 leather armour (worn)
 d - a +1 hat (worn)
Scrolls
 e - a scroll of amnesia {unknown}
 f - a scroll of immolation {unknown}
Potions
 g - a potion of attraction


   Skills:
 - Level 2.4 Fighting
 * Level 4.4 Short Blades
 - Level 3.6 Dodging
 - Level 2.4 Stealth


You had 2 spell levels left.
You didn't know any spells.
Your spell library contained the following spells:

 Spells                   Type           Power      Damage    Failure   Level
 Gell's Gravitas          Tloc           0%         N/A       75%         3
 Lesser Beckoning         Tloc           0%         N/A       75%         3
 Ozocubu's Armour         Ice            0%         N/A       75%         3
 Teleport Other           Tloc           0%         N/A       75%         3
 Ozocubu's Refrigeration  Ice            0%         4d5       100%        7


Dungeon Overview and Level Annotations

Branches:
Dungeon (3/15)

Altars:


Message History

You hit the gnoll.
The gnoll is lightly wounded.
You closely miss the gnoll.
The gnoll is lightly wounded.
The gnoll hits you with a +0 flail.
You barely miss the gnoll.
The gnoll is lightly wounded.
A kobold comes into view. It is wielding a +0 dagger.
You closely miss the gnoll. You hit the gnoll.
The gnoll is lightly wounded.
The gnoll completely misses you.
You barely miss the gnoll.
The gnoll is lightly wounded.
The gnoll closely misses you.
You barely miss the gnoll.
The gnoll is lightly wounded.
The gnoll closely misses you.
It was a potion of attraction.
You feel attractive to monsters. The gnoll hits you with a +0 club.
* * * LOW HITPOINT WARNING * * *
It was a potion of might.
You feel very mighty all of a sudden. The gnoll hits you with a +0 club.
* * * LOW HITPOINT WARNING * * *
You barely miss the gnoll.
The gnoll is lightly wounded.
The gnoll misses you.
You puncture the gnoll!
The gnoll is severely wounded.
The gnoll hits you but does no damage.
You puncture the gnoll!
You kill the gnoll!
You have reached level 3!
Your experience leads to an increase in your attributes!
Increase (S)trength, (I)ntelligence, or (D)exterity?
You feel clever.
You hit the gnoll but do no damage. The gnoll hits you with a +0 whip.
You die...

#...................#
#..................
#............#
#............#
#####........#
#...†....#
###........#
###....###+###
#......###@#
#.#.....##g# . #
#......gK##..g.
#...........g...
#..#............
#...........$.....
####.########.....
#.# ..... .. ....


You could see 2 gnolls and a kobold.

Vanquished Creatures
  A gnoll (D:2)
  3 dart slugs
  3 bats
  2 endoplasms
  A goblin (D:1)
  2 hobgoblins
  2 kobolds (D:1)
  2 quokkas
  A ball python (D:1)
  2 frilled lizards
  4 rats
23 creatures vanquished.

Notes
Turn   | Place    | Note
-------+----------+-------------------------------------------
     0 | D:1      | nxtlvl the Deep Elf Monk began the quest for the Orb.
     0 | D:1      | Reached XP level 1. HP: 13/13 MP: 3/3
   116 | D:2      | Reached XP level 2. HP: 4/18 MP: 4/4
   405 | D:1      | Reached skill level 4 in Short Blades
   529 | D:2      | Reached XP level 3. HP: 1/22 MP: 5/5
   529 | D:2      | Slain by a gnoll

Illustrated notes

Levels and vault maps discovered:
D:1:      minmay_arrival_doors, layout_loops_ring
D:2:      layout_basic, minmay_tall_x
D:3:      layout_loops_ring, lemuel_round_altar,
          shapermc_ecumenical_altar_totnotflames

Skill      XL: |  1  2 |
---------------+-------+-----
Short Blades   | 4 |  4.4
Fighting       | |  2.4
Dodging        | |  3.6
Stealth        | |  2.4

Action                   || total
-------------------------++-------
Melee: Short sword       ||    79
  Use: Potion            ||     2
 Stab: Sleeping          ||     6
Armor: Robe              ||     4
       Leather armour    ||     9
Dodge: Dodged            ||    30
